 Dungeon Crawl Stone Soup version 0.30-a0-696-g2367cd04db (webtiles) character file.

Game seed: 2576327333883868155

32869 xSliceyx the Warrior (level 13, -2/120 HPs)
             Began as a Hill Orc Reaver on Jan 16, 2023.
             Was an Elder of Hepliaklqana.
             Slain by a six-headed hydra (6 damage)
             ... on level 4 of the Lair of Beasts on Jan 20, 2023.
             The game lasted 01:52:10 (19367 turns).

xSliceyx the Warrior (Hill Orc Reaver)             Turns: 19367, Time: 01:52:10

Health: -2/120     AC: 16    Str: 17    XL:     13   Next: 67%
Magic:  25/25      EV: 11    Int: 16    God:    Hepliaklqana [****..]
Gold:   338        SH:  0    Dex: 14    Spells: 8/28 levels left

rFire   . . .      SeeInvis +    V - +6 lajatang of the Radish {freeze, Int+3}
rCold   . . .      Faith    .    (shield currently unavailable)
rNeg    . . .      Spirit   .    O - +0 ring mail {rPois}
rPois   +          Reflect  .    M - +0 helmet
rElec   .          Harm     .    i - +0 cloak
rCorr   .          Rampage  .    (no gloves)
Will    .....                    f - +1 pair of boots
Stlth   +                        S - amulet of the acrobat
HPRegen 0.40/turn                b - +4 ring of protection
MPRegen 0.19/turn                X - ring of Liberalism {Wiz rPois Str-3 Dex+5 SInv}

@: no status effects
A: reduced essence
a: Renounce Religion, Recall Ancestor, Ancestor Identity, Transference, Idealise


You were on level 4 of the Lair of Beasts.
You worshipped Hepliaklqana.
Hepliaklqana was greatly pleased with you.
You visited 3 branches of the dungeon, and saw 16 of its levels.

You collected 1138 gold pieces.
You spent 800 gold pieces at shops.

Inventory:

Hand Weapons
 c - a +1 war axe of holy wrath
 V - the +6 lajatang of the Radish (weapon) {freeze, Int+3}
   (You took it off a centaur on level 8 of the Dungeon)

   Int:       It affects your intelligence (+3).
Missiles
 n - 53 poisoned darts
 A - 6 atropa-tipped darts
Armour
 f - a +1 pair of boots (worn)
 i - a +0 cloak (worn)
 M - a +0 helmet (worn)
 O - a +0 ring mail of poison resistance (worn)
Jewellery
 b - a +4 ring of protection (left hand)
 g - a ring of resist corrosion
 t - a ring of protection from cold
 u - a ring of willpower
 w - a +6 ring of intelligence
 S - an amulet of the acrobat (around neck)
 X - the ring of Liberalism (right hand) {Wiz rPois Str-3 Dex+5 SInv}
   (You acquired it on level 5 of the Dungeon)

   [ring of wizardry]

   It improves your spell success rate.
   Str:       It affects your strength (-3).
   Dex:       It affects your dexterity (+5).
   rPois:     It protects you from poison.
   SInv:      It lets you see invisible.
 Y - a +4 ring of slaying
Wands
 s - a wand of flame (53)
 J - a wand of roots (2)
 P - a wand of polymorph (6)
 Q - a wand of digging (8)
Scrolls
 a - 4 scrolls of blinking {unknown}
 h - 5 scrolls of teleportation
 m - 7 scrolls of amnesia
 q - 3 scrolls of fear {unknown}
 y - 2 scrolls of brand weapon {unknown}
 B - a scroll of magic mapping {unknown}
 G - 5 scrolls of poison
 H - a scroll of summoning {unknown}
 I - 4 scrolls of immolation
 L - a scroll of silence {unknown}
 T - 3 scrolls of fog {unknown}
 U - 3 scrolls of noise {unknown}
Potions
 d - 7 potions of attraction
 e - 2 potions of flight
 j - 2 potions of haste {unknown}
 k - 5 potions of curing
 l - 2 potions of lignification
 p - 4 potions of resistance
 r - 2 potions of mutation
 x - a potion of invisibility {unknown}
 z - a potion of might {unknown}
 D - 2 potions of brilliance
 K - a potion of berserk rage {unknown}
 N - a potion of magic {unknown}
 R - a potion of cancellation {unknown}
Miscellaneous
 W - a phial of floods (inert)


   Skills:
 + Level 17.7 Fighting
 - Level 4.0(5.3) Axes
 - Level 4.4(5.0) Polearms
 - Level 9.0 Armour
 - Level 1.5 Dodging
 - Level 8.0 Spellcasting
 - Level 8.0 Conjurations
 - Level 5.0 Hexes
 - Level 2.0 Necromancy
 - Level 4.0 Translocations
 - Level 2.0 Ice Magic
 - Level 2.0 Invocations
 - Level 2.0 Evocations


You had 8 spell levels left.
You knew the following spells:

 Your Spells              Type           Power      Damage    Failure   Level
a - Kiss of Death         Conj/Necr      88%        2d12      1%          1
b - Momentum Strike       Conj/Tloc      50%        3d9       1%          2
c - Blink                 Tloc           38%        N/A       2%          2
d - Lesser Beckoning      Tloc           38%        N/A       2%          2
e - Hailstorm             Conj/Ice       22%        3d7       2%          3
f - Tukima's Dance        Hex            22%        N/A       2%          3
g - Ozocubu's Armour      Ice            12%        N/A       10%         3
h - Passage of Golubria   Tloc           19%        N/A       14%         4

Your spell library contained the following spells:

 Spells                   Type           Power      Damage    Failure   Level
 Manifold Assault         Tloc           19%        N/A       14%         4
 Metabolic Englaciation   Hex/Ice        8%         N/A       41%         5
 Yara's Violent Unravell  Hex/Tmut       7%         3d5       54%         5
 Dispersal                Tloc           9%         N/A       88%         6
 Simulacrum               Ice/Necr       6%         N/A       99%         6
 Disjunction              Tloc           9%         N/A       100%        8


Dungeon Overview and Level Annotations

Branches:
Dungeon (11/15)            Temple (1/1) D:6            Lair (4/5) D:11
  Swamp (0/4) Lair:3       Spider (0/4) Lair:2          Orc (0/2) D:10
  Slime: Lair:4-5

Altars:
Ashenzari
Cheibriados
Dithmenos
Elyvilon
Fedhas
Gozag
Hepliaklqana
Kikubaaqudgha
Makhleb
Nemelex Xobeh
Okawaru
Qazlal
Ru
Sif Muna
Trog
Uskayaw
Vehumet
Wu Jian
Xom
Yredelemnul
Zin
The Shining One

Shops:
D:1 *   D:4 *   D:5 ?

Annotations:
Lair:1 1 transporter, 3 runed translucent doors, Cecaju's ghost, journeyman OgCA
Lair:4 exclusion: oklob plant


Message History

The roots release their grip on the four-headed hydra.
The roots release their grip on the eight-headed hydra.
The six-headed hydra struggles to escape constriction.
Aiming: Fastroot
Press: ? - help, Q - select action, (/) - cycle Shift-Dir - straight line, f/p - six-headed hydra
Aim: a six-headed hydra (lightly wounded, constricted by roots)
The roots erupt in riotous growth!
The six-headed hydra is unaffected.
Roots grab the eight-headed hydra.
Roots grab the four-headed hydra.
The grasping roots constrict the four-headed hydra.
The grasping roots constrict the eight-headed hydra.
The grasping roots constrict the six-headed hydra!
The roots release their grip on the six-headed hydra.
The four-headed hydra struggles to escape constriction.
The eight-headed hydra bites you but does no damage. x2
The eight-headed hydra barely misses you.
The eight-headed hydra bites you but does no damage.
The eight-headed hydra barely misses you.
The eight-headed hydra closely misses you.
The eight-headed hydra misses you.
The eight-headed hydra barely misses you.
Aiming: Fastroot
Press: ? - help, Q - select action, (/) - cycle Shift-Dir - straight line, f/p - six-headed hydra
Aim: a six-headed hydra (moderately wounded)
The roots erupt in riotous growth!
Roots grab the six-headed hydra.
The eight-headed hydra is unaffected.
The grasping roots constrict the four-headed hydra!
The grasping roots constrict the eight-headed hydra.
You kill the eight-headed hydra!
The grasping roots constrict the six-headed hydra!
You hear an angry growl.
The six-headed hydra bites you.
* * * LOW HITPOINT WARNING * * *
The six-headed hydra bites you but does no damage.
The six-headed hydra bites you.
* * * LOW HITPOINT WARNING * * *
The six-headed hydra closely misses you.
The six-headed hydra bites you.
You die...

## ##..... #P#
.......
##..#.......
##...........
..##P.....?....P
.........<......
...#............
........@.).....
........†D...PP#
....
.......#....####
...
.......#D..#####
P.
........!..#P#.##
.#
.......#........##
.
.<..P........#....
#
....P....†........
#
............♣♣♣...


You could see a six-headed hydra (rooted) and a four-headed hydra (rooted).

Vanquished Creatures
  An ice dragon (D:9)
  A hydra (Lair:4)
  2 boulder beetles
  4 two-headed ogres
  A centaur warrior (D:8)
  A bog body (Lair:3)
  A manticore (D:8)
  6 centaur zombies (D:10)
  4 black mambas
  A cane toad (Lair:3)
  A komodo dragon (Lair:2)
  2 rime drakes
  A kobold demonologist (D:10)
  A polar bear (Lair:1)
  A troll (D:8)
  Prince Ribbit (D:8)
  3 blink frogs
  A shadow (D:10)
  3 wraiths (D:10)
  16 yaks
  5 vampires (D:10)
  4 wyverns
  2 redbacks (Lair:2)
  A steam dragon (D:6)
  4 vampire mosquitoes (D:11)
  11 water moccasins
  4 orc warriors
  An ice beast (D:5)
  4 sky beasts
  3 black bears
  3 ogres
  9 wolves (Lair:1)
  3 centaurs
  3 phantoms
  3 kobold brigands
  6 bullfrogs
  3 gnoll sergeants
  5 necrophages
  4 scorpions
  4 wights (D:9)
  17 killer bees
  7 howler monkeys
  2 hounds
  2 jellies
  4 orc priests
  2 gnoll boudas
  Ijyb (D:3)
  5 iguanas
  5 orc wizards
  13 gnolls
  7 adders
  2 shadow imps
  4 white imps
  3 ufetubi
  2 worms
  3 dart slugs
  39 orcs
  4 bats
  6 endoplasms
  3 giant cockroaches
  5 goblins
  5 hobgoblins
  17 kobolds
  2 quokkas
  6 ball pythons
  3 rats
303 creatures vanquished.

Vanquished Creatures (collateral kills)
  A hydra (Lair:4)
  A two-headed ogre (D:11)
  A bog body (Lair:3)
  Maurice (D:10)
  A black mamba (Lair:2)
  4 centaur zombies (D:10)
  2 cane toads
  An unseen horror zombie (D:10)
  A rime drake (Lair:2)
  3 polar bears (Lair:3)
  5 blink frogs
  A jumping spider (Lair:2)
  2 shadows (D:10)
  A wraith (D:10)
  A wyvern (D:11)
  A vampire (D:10)
  4 yaks
  2 steam dragons
  3 basilisks
  2 vampire mosquitoes (D:11)
  An acid dragon (D:8)
  5 water moccasins
  An orc warrior (D:8)
  5 wolves
  A kobold brigand (D:10)
  3 bullfrogs (Lair:3)
  A killer bee (D:8)
  A howler monkey (D:10)
  2 gnolls (D:11)
  An orc (D:11)
  4 kobolds
63 creatures vanquished.

Vanquished Creatures (others)
  2 dancing weapons (D:8)
  A killer bee (D:9)
  5 battlemagi
  6 ancestors
  An orc wizard (D:8)
  8 fungi
  30 plants
  7 withered plants (D:10)
60 creatures vanquished.

Grand Total: 426 creatures vanquished

Notes
Turn   | Place    | Note
-------+----------+-------------------------------------------
     0 | D:1      | xSliceyx the Hill Orc Reaver began the quest for the Orb.
     0 | D:1      | Reached XP level 1. HP: 18/18 MP: 3/3
   136 | D:1      | Found Atraconu's General Store.
   140 | D:1      | Reached XP level 2. HP: 23/25 MP: 4/4
   198 | D:1      | Bought a scroll of identify for 24 gold pieces
   440 | D:1      | Found a faded altar of an unknown god.
   835 | D:2      | Reached XP level 3. HP: 26/30 MP: 6/6
  1471 | D:3      | Reached XP level 4. HP: 37/37 MP: 7/7
  1754 | D:3      | Noticed a phantom
  1761 | D:3      | Killed a phantom
  1762 | D:3      | Reached skill level 5 in Conjurations
  1762 | D:3      | Reached XP level 5. HP: 38/42 MP: 9/9
  1779 | D:3      | Learned a level 2 spell: Momentum Strike
  1782 | D:3      | Learned a level 2 spell: Blink
  1804 | D:3      | Noticed Ijyb
  1814 | D:3      | Killed Ijyb
  2158 | D:1      | Bought a +1 pair of boots for 138 gold pieces
  2196 | D:4      | Found Pezxeoh's Assorted Antiques.
  2217 | D:4      | Reached skill level 3 in Fighting
  2267 | D:4      | Reached skill level 1 in Translocations
  2325 | D:3      | Reached XP level 6. HP: 21/51 MP: 10/10
  2510 | D:4      | Bought a bubbling white potion for 16 gold pieces
  2723 | D:4      | Reached XP level 7. HP: 57/57 MP: 11/13
  2727 | D:4      | Found a sparkling altar of Nemelex Xobeh.
  2976 | D:4      | Reached skill level 1 in Armour
  3133 | D:4      | Found a shimmering blue altar of Sif Muna.
  3528 | D:5      | Entered Level 5 of the Dungeon
  3631 | D:5      | Found Axolaesh's Magic Scroll Emporium.
  3731 | D:5      | Reached skill level 4 in Fighting
  4038 | D:5      | Found a burning altar of Makhleb.
  4164 | D:5      | Reached XP level 8. HP: 54/66 MP: 11/15
  4269 | D:5      | Reached skill level 5 in Spellcasting
  4327 | D:5      | Learned a level 2 spell: Lesser Beckoning
  4331 | D:5      | Learned a level 3 spell: Hailstorm
  4335 | D:5      | Learned a level 3 spell: Tukima's Dance
  4718 | D:6      | Reached skill level 5 in Fighting
  4773 | D:6      | Reached skill level 1 in Necromancy
  5040 | D:6      | Reached XP level 9. HP: 74/74 MP: 18/18
  5178 | D:6      | Found a staircase to the Ecumenical Temple.
  5189 | Temple   | Entered the Ecumenical Temple
  5372 | Temple   | Became a worshipper of Hepliaklqana the Forgotten
  5600 | D:6      | Found a white marble altar of Elyvilon.
  5928 | D:6      | Found a sacrificial altar of Ru.
  6290 | D:4      | Bought a white potion for 16 gold pieces
  6290 | D:4      | Bought a scroll labelled YTOEC IFOIWYR for 18 gold pieces
  6290 | D:4      | Bought a bubbling white potion for 16 gold pieces
  6533 | D:7      | Found a radiant altar of Vehumet.
  6606 | D:7      | Found a stormy altar of Qazlal.
  6626 | D:7      | Reached skill level 6 in Fighting
  6747 | D:7      | Found a hide-covered altar of Uskayaw.
  7171 | D:8      | Reached skill level 7 in Fighting
  7394 | D:8      | Found an ornate altar of the Wu Jian Council.
  7405 | D:8      | Reached skill level 5 in Armour
  7954 | D:8      | Noticed a troll
  7966 | D:8      | Killed a troll
  7967 | D:8      | Reached XP level 10. HP: 82/86 MP: 17/20
  8066 | D:8      | Reached skill level 8 in Fighting
  8186 | D:8      | Noticed a manticore
  8396 | D:8      | Found a broken altar of Ashenzari.
  8571 | D:8      | Noticed a centaur warrior
  8579 | D:8      | Noticed a two-headed ogre
  8585 | D:8      | Killed a centaur warrior
  8595 | D:8      | Killed a two-headed ogre
  8744 | D:8      | Killed a manticore
  8889 | D:8      | Noticed a boulder beetle
  8917 | D:8      | Killed a boulder beetle
  8918 | D:8      | Reached XP level 11. HP: 19/94 MP: 2/23
  9182 | D:8      | Identified the +6 lajatang of the Radish {freeze, Int+3}
  9394 | D:2      | Reached skill level 9 in Fighting
  9696 | D:4      | Found an opulent altar of Gozag.
  9843 | D:8      | Reached * piety under Hepliaklqana
  9864 | D:8      | Noticed Prince Ribbit
  9865 | D:8      | Noticed a two-headed ogre
  9873 | D:8      | Killed Prince Ribbit
  9885 | D:8      | Killed a two-headed ogre
  9886 | D:8      | Reached skill level 10 in Fighting
 10050 | D:8      | Noticed a brown ugly thing
 10050 | D:8      | Noticed a skeletal warrior
 10051 | D:8      | Noticed a cyclops
 10052 | D:8      | Noticed a cyclops
 10320 | D:8      | Found a shimmering altar of Xom.
 10416 | D:8      | Found an iron altar of Okawaru.
 10703 | D:9      | Reached skill level 1 in Polearms
 10866 | D:9      | Reached skill level 11 in Fighting
 11022 | D:9      | You fall into a shaft and drop 2 floors!
 11388 | D:10     | Entered Level 10 of the Dungeon
 11524 | D:9      | Noticed a two-headed ogre
 11532 | D:9      | Killed a two-headed ogre
 11897 | D:9      | Noticed a two-headed ogre
 11898 | D:9      | Noticed an ice dragon
 11907 | D:9      | Killed a two-headed ogre
 11917 | D:9      | HP: 4/130 [ice dragon (4)]
 11920 | D:9      | Killed an ice dragon
 11921 | D:9      | Reached skill level 12 in Fighting
 11921 | D:9      | Reached skill level 1 in Evocations
 12235 | D:9      | Reached ** piety under Hepliaklqana
 12408 | D:9      | Found a broken altar of Ashenzari.
 12457 | D:10     | Noticed Maurice
 12464 | D:10     | Killed Maurice
 12465 | D:10     | Reached skill level 1 in Invocations
 12534 | D:10     | Found a staircase to the Orcish Mines.
 12920 | D:10     | Reached XP level 12. HP: 101/101 MP: 24/24
 12921 | D:10     | Remembered your ancestor Cocalt as a battlemage
 12936 | D:10     | Reached skill level 13 in Fighting
 12994 | D:10     | Reached skill level 14 in Fighting
 13213 | D:10     | Found a blossoming altar of Fedhas.
 13214 | D:10     | Found a glowing golden altar of the Shining One.
 13552 | D:10     | Reached skill level 15 in Fighting
 14091 | D:11     | Reached skill level 16 in Fighting
 14091 | D:11     | Found a staircase to the Lair.
 14289 | D:5      | Bought a scroll of acquirement for 572 gold pieces
 14290 | D:5      | Acquired the ring of Liberalism {Wiz rPois Str-3 Dex+5
                  | SInv}
 14697 | D:11     | Noticed a two-headed ogre
 14901 | D:11     | Killed a two-headed ogre
 15108 | Lair:1   | Entered Level 1 of the Lair of Beasts
 15108 | Lair:1   | Reached *** piety under Hepliaklqana
 15374 | Lair:1   | Found a transporter.
 15697 | Lair:1   | Found a runed translucent gate.
 15697 | Lair:1   | Found a runed translucent gate.
 15697 | Lair:1   | Found a runed translucent gate.
 15698 | Lair:1   | Noticed Cecaju's ghost (journeyman OgCA)
 15698 | Lair:1   | Noticed a ten-headed hydra
 15789 | Lair:1   | Reached XP level 13. HP: 115/115 MP: 25/25
 15795 | Lair:1   | Reached skill level 5 in Hexes
 15984 | Lair:1   | Learned a level 3 spell: Ozocubu's Armour
 15989 | Lair:1   | Learned a level 4 spell: Passage of Golubria
 16048 | Lair:1   | Found a transporter.
 16870 | Lair:2   | Reached skill level 17 in Fighting
 17609 | Lair:2   | Found an ornate altar of the Wu Jian Council.
 17610 | Lair:2   | Found a hide-covered altar of Uskayaw.
 17654 | Lair:2   | Found an ornate altar of the Wu Jian Council.
 17697 | Lair:2   | Reached **** piety under Hepliaklqana
 17901 | Lair:2   | Found a hole to the Spider Nest.
 18087 | Lair:2   | Upgraded the game from 0.30-a0-639-g3916f1956a to
                  | 0.30-a0-696-g2367cd04db
 18323 | Lair:3   | Reached skill level 1 in Ice Magic
 18471 | Lair:3   | Found a staircase to the Swamp.
 19361 | Lair:4   | HP: 6/120 [eight-headed hydra (10)]
 19361 | Lair:4   | HP: 1/120 [eight-headed hydra (5)]
 19367 | Lair:4   | HP: 4/120 [six-headed hydra (4)]
 19367 | Lair:4   | Slain by a six-headed hydra

Illustrated notes

Levels and vault maps discovered:
D:1:      spicycebolla_arrival_xxxplode, layout_rooms,
          shapermc_ecumenical_altar_totnotflames, serial_shops, shop,
          minmay_unequal
D:2:      layout_loops_ring, lightli_corner_chamber
D:3:      layout_rooms, uniq_ijyb
D:4:      minmay_inner_zag, layout_rooms, nemelex_diamond_rough_becter,
          nicolae_sif_muna_condensation, nicolae_overflow_hidden_temple,
          serial_forest, infiniplex_forest_corner_1,
          infiniplex_forest_lined_room_2, infiniplex_forest_clump_small,
          infiniplex_forest_lined_1, infiniplex_forest_end_2,
          infiniplex_forest_split, serial_shops, nicolae_shop_stone
D:5:      minmay_angry_zag, layout_loops_ring, amcnicky_altar_gilded,
          serial_shops, nicolae_stop_n_shop_2
D:6:      layout_basic, elyvilon_altar_1, general_overflow_altar,
          minmay_temple_entry_glassed_door, dk_noncrumbling_2
D:7:      layout_gridville, nicolae_vehumet_radiance,
          nicolae_qazlal_scattered_showers, mainiacjoe_overflow_catwalk
D:8:      minmay_the_grid_octo_tiled_octocenter [minmay_the_grid_octo_checkered,
          minmay_the_grid_octo_vomiting_pacman, minmay_the_grid_octo_77,
          minmay_the_grid_octo_toaster,
          minmay_the_grid_octo_prize_single_spiral,
          minmay_the_grid_square_5x5_tie,
          minmay_the_grid_square_5x5_half_checkered,
          minmay_the_grid_square_5x5_z, minmay_the_grid_square_5x5_forky],
          layout_rooms, mainiacjoe_overflow_concentric_impassable,
          gammafunk_temple_overflow_pools, serial_rivers,
          chequers_serial_rivers_large_b, chequers_serial_rivers_room_a,
          chequers_serial_rivers_large_a, chequers_serial_rivers_small_3,
          chequers_serial_rivers_small_3, onia_ninara_dug_in_and_dangerous,
          uniq_prince_ribbit1
D:9:      dragon1_lemuel, layout_basic, mainiacjoe_overflow_boulevard,
          minmay_misc_feat_tower, lemuel_flamethrower_2
D:10:     layout_irregular_city, gammafunk_temple_overflow_statue, orc_0_dummy,
          serial_undead, serial_undead_d, serial_undead_c, serial_undead_b,
          serial_undead_d, serial_undead_b, serial_undead_f, serial_undead_e,
          serial_undead_d, uniq_maurice
D:11:     layout_basic, minmay_lair_entry_grove
Temple:   nicolae_temple_bog_church
Lair:1:   gammafunk_cloud_chamber, layout_cave_pods, gammafunk_ghost_hydra_chop,
          grunt_megastairs_5
Lair:2:   layout_gridlike, spider_nest_entry_a, basic_altar,
          nzn_masters_of_martial_movement, lemuel_fruit_tree
Lair:3:   layout_layer_cave, skrybe_swamp_entry_bodies,
          cheibrodos_lair_lostbears
Lair:4:   layout_misc_corridors, minmay_stone_trees_medium,
          chequers_serial_rivers_small_a

Skill      XL: |  1  2  3  4  5  6  7  8  9 10 11 12 13 |
---------------+----------------------------------------+-----
Spellcasting   | 2 3 4 6 7 8 |  8.0
Conjurations   | 5 6 7 8 |  8.0
Fighting       | 3 4 5 7 8 12 16 17 | 17.7
Translocations | 1 2 4 |  4.0
Armour         | 3 4 7 9 |  9.0
Hexes          | 2 3 4 5 |  5.0
Necromancy     | 2 |  2.0
Polearms       | 2 4 |  4.4
Evocations     | 2 |  2.0
Invocations    | 2 |  2.0
Ice Magic      | 2 |  2.0
Axes           | |  4.0
Dodging        | |  1.5

Action                   |  1- 3 |  4- 6 |  7- 9 | 10-12 | 13-15 || total
-------------------------+-------+-------+-------+-------+-------++-------
Melee: Hand axe          |    16 |       |   125 |       |       ||   141
       War axe           |    65 |    98 |   133 |    69 |       ||   365
       Punch             |       |     1 |     2 |       |       ||     3
       Spear             |       |       |   107 |   204 |       ||   311
       Lajatang          |       |       |       |   170 |   111 ||   281
Throw: Dart              |       |     4 |    26 |     3 |       ||    33
 Cast: Kiss of Death     |       |     1 |     4 |     5 |       ||    10
       Blink             |       |       |     2 |     1 |     1 ||     4
       Hailstorm         |       |       |    20 |    58 |     6 ||    84
       Tukima's Dance    |       |       |     4 |    17 |       ||    21
       Momentum Strike   |       |       |     2 |     3 |       ||     5
       Ozocubu's Armour  |       |       |       |       |     1 ||     1
       Passage of Golubr |       |       |       |       |     1 ||     1
Invok: Recall Ancestor   |       |       |       |     1 |     1 ||     2
       Ancestor Life: Ba |       |       |       |     1 |       ||     1
       Ancestor Identity |       |       |       |     1 |       ||     1
Evoke: Wand              |       |     1 |     9 |    16 |    14 ||    40
       Phial of floods   |       |       |       |     1 |     1 ||     2
  Use: Scroll            |       |     2 |     4 |    11 |     5 ||    22
       Potion            |       |       |     2 |     4 |     5 ||    11
 Stab: Distracted        |       |       |       |     5 |     2 ||     7
Armor: Leather armour    |    32 |    25 |   132 |       |       ||   189
       Ring mail         |       |       |    11 |   297 |   100 ||   408
       Skin              |       |       |       |     6 |       ||     6
Dodge: Dodged            |    41 |    65 |   205 |   360 |   122 ||   793

Table legend: (Time is in decaauts)
 A = Elapsed time spent in this place.
 B = Non-inter-level travel time spent in this place.
 C = Inter-level travel time spent in this place.
 D = Time resting spent in this place.
 E = Time spent auto-exploring this place.
 F = Levels seen in this place.
 G = Mean time per level.
                   A        B        C        D        E       F      G
               +--------+--------+--------+--------+--------+-----+--------+
         Total |  19684 |  17599 |   2085 |   5762 |   7992 |  16 | 1230.2 |
       Dungeon |  15146 |  13445 |   1701 |   4454 |   5778 |  11 | 1376.9 |
        Temple |    206 |    179 |     27 |      0 |    171 |   1 |  206.0 |
          Lair |   4331 |   3975 |    356 |   1307 |   2043 |   4 | 1082.8 |
               +--------+--------+--------+--------+--------+-----+--------+

Top non-repeatable levels by time:
     D:8: 3147 daAuts
  Lair:1: 2200 daAuts
     D:6: 1750 daAuts
    D:10: 1615 daAuts
     D:4: 1460 daAuts
    D:11: 1371 daAuts
     D:9: 1306 daAuts
     D:5: 1204 daAuts
  Lair:3: 980 daAuts
     D:3: 949 daAuts
  Lair:2: 820 daAuts
     D:2: 796 daAuts
     D:1: 781 daAuts
     D:7: 763 daAuts
  Lair:4: 328 daAuts
